 Dungeon Sprint DCSS version 0.25.1-9-gc5326a611f (webtiles) character file.

Game seed: 4547856024751238844

719 alasdair19 the Blocker (level 7, -1/67 (70) HPs)
             Began as a Minotaur Fighter on Jan 23, 2022.
             Was a Priest of Okawaru.
             Slain by a +0 trident of venom (13 damage)
             ... in the Dungeon (Sprint V: "Ziggurat Sprint").
             The game lasted 00:06:36 (1088 turns).

alasdair19 the Blocker (Minotaur Fighter)           Turns: 1088, Time: 00:06:36

HP:   -1/67 (70)    AC:  4    Str: 29    XL:     7   Next: 42%
MP:   6/6           EV: 10    Int:  5    God:    Okawaru [***...]
Gold: 0             SH: 22    Dex:  9    Spells: 6/6 levels left

rFire    + . .     SeeInvis .   I - +5 double sword
rCold    . . .     Gourm    .   H - +3 tower shield
rNeg     . . .     Faith    .   L - +2 robe {rF+}
rPois    .         Spirit   .   (helmet restricted)
rElec    .         Reflect  .   (no cloak)
rCorr    .         Harm     .   (no gloves)
MR       .....     NoTele   +   (no boots)
Stlth    +.........             (no amulet)
HPRegen  0.21/turn              B - +6 ring of strength
MPRegen  0.10/turn              (no ring)

@: lethally poisoned (-1 -> -26), studying Shields
A: retaliatory headbutt, horns 2
a: Heroism, Renounce Religion


You were in the Dungeon.
You worshipped Okawaru.
Okawaru was most pleased with you.
You were hungry.

You visited 1 branch

Inventory:

Hand Weapons
 a - a +0 long sword
 I - a +5 double sword (weapon)
 J - a +5 triple sword
Armour
 b - a +0 scale mail
 c - a +0 kite shield
 G - a +3 buckler
 H - a +3 tower shield (worn)
 L - a +2 robe of fire resistance (worn)
Jewellery
 w - an uncursed ring of flight
 x - a +6 ring of dexterity
 y - a +6 ring of dexterity
 z - a +6 ring of intelligence
 A - a +6 ring of intelligence
 B - a +6 ring of strength (left hand)
 C - a +6 ring of strength
 M - an uncursed ring of protection from fire
 O - a +4 ring of protection
 P - an uncursed ring of magical power
 Q - an uncursed ring of fire
Wands
 D - a wand of disintegration (7)
 E - a wand of iceblast (7)
 F - a wand of acid (7)
Scrolls
 k - 4 scrolls of blinking
 q - 4 scrolls of amnesia
 r - 7 scrolls of fog
 s - a scroll of holy word
 t - 5 scrolls of identify
 u - 5 scrolls of remove curse
 v - 2 scrolls of fear
Potions
 d - 6 potions of might
 e - 10 potions of curing
 g - 10 potions of heal wounds
 h - 6 potions of haste
 i - 7 potions of magic
 j - 3 potions of berserk rage
 l - 2 potions of brilliance
 m - 2 potions of invisibility
 n - 4 potions of resistance
 o - a potion of experience
 p - 5 potions of stabbing
Books
 N - a manual of Shields
Miscellaneous
 K - a box of beasts
Comestibles
 f - 7 rations


   Skills:
 + Level 9.6 Fighting
 + Level 10.8 Long Blades
 + Level 9.2 Armour
 + Level 3.5 Dodging
 + Level 0.5 Stealth
 + Level 11.6 Shields


You had 6 spell levels left.
You didn't know any spells.
Your spell library was empty.

Dungeon Overview and Level Annotations

Branches:
Dungeon (1/1)

Altars:
Ashenzari
Cheibriados
Dithmenos
Elyvilon
Fedhas
Gozag
Hepliaklqana
Kikubaaqudgha
Makhleb
Nemelex Xobeh
Okawaru
Qazlal
Ru
Sif Muna
Trog
Uskayaw
Vehumet
Wu Jian
Xom
Yredelemnul
Zin
The Shining One
Beogh
Jiyva
Lugonu

Annotations:
D 1 transporter


Innate Abilities, Weirdness & Mutations

You reflexively headbutt those who attack you in melee.
You have a pair of horns on your head.


Message History

The deep elf mage blinks!
The +0 trident of venom hits you from afar!
You are more poisoned.
The +4 dire flail of holy wrath hits you!!
* * * LOW HITPOINT WARNING * * *
You closely miss the deep elf mage. Your headbutt misses the deep elf mage.
* * * LOW HITPOINT WARNING * * *
You feel very sick.
The +0 trident of venom hits you but does no damage.
The water elemental hits you.
The +4 dire flail of holy wrath hits you.
* * * LOW HITPOINT WARNING * * *
The deep elf mage gestures wildly while chanting.
The deep elf mage blinks!
You hit the +4 dire flail of holy wrath but do no damage.
Your headbutt misses the +4 dire flail of holy wrath.
* * * LOW HITPOINT WARNING * * *
You feel sick.
The +0 trident of venom hits you from afar!
You die...

▓.÷...▓..)..▓..©..▓
▓..©..▓..©..▓▓▓▓▓▓▓
▓▓▓▓▓▓▓▓▓▓▓▓▓▓▓▓▓▓▓
▓..8©8...▓..8©8.e.▓
▓...)....▓..::)...▓
▓........▓..=.).e.▓
▓........▓...(....▓
▓........▓..§E(...▓
▓........▓.▓.@..▓.▓
▓...©....▓...©....▓
▓▓▓▓▓▓▓▓▓▓▓▓▓▓▓▓▓▓▓


You could see a water elemental, 2 deep elf magi and 2 dancing weapons.

Vanquished Creatures
  A jumping spider (D)
  A phantom (D)
  A necrophage (D)
  5 scorpions (D)
  3 orc priests (D)
  2 bat skeletons (D)
13 creatures vanquished.

Notes
Turn   | Place    | Note
-------+----------+-------------------------------------------
     0 | D        | alasdair19 the Minotaur Fighter began the quest for the
                  | Orb.
     0 | D        | Reached XP level 1. HP: 19/19 MP: 0/0
     1 | D        | Found a bloodstained altar of Trog.
     1 | D        | Found a shimmering blue altar of Sif Muna.
     1 | D        | Found a sacrificial altar of Ru.
     1 | D        | Found a stormy altar of Qazlal.
     1 | D        | Found an iron altar of Okawaru.
     3 | D        | Found a sparkling altar of Nemelex Xobeh.
     3 | D        | Found a blossoming altar of Fedhas.
     4 | D        | Found the +6 Majin-Bo {vamp, Archmagi MP+6 Int+6}
     4 | D        | Found the +7 great mace "Firestarter" {inner flame, rF++}
     5 | D        | Found a transporter.
     5 | D        | Found an ancient bone altar of Kikubaaqudgha.
     5 | D        | Found a viscous altar of Jiyva.
     5 | D        | Found a corrupted altar of Lugonu.
     5 | D        | Found a hazy altar of Hepliaklqana.
     5 | D        | Found a burning altar of Makhleb.
     5 | D        | Found an opulent altar of Gozag.
    29 | D        | Became a worshipper of Warmaster Okawaru
   118 | D        | Entered arena 2.
   118 | D        | Noticed a scorpion
   118 | D        | Noticed a scorpion
   118 | D        | Found a transporter.
   122 | D        | Killed a scorpion
   122 | D        | Reached * piety under Okawaru
   122 | D        | Reached skill level 5 in Fighting
   122 | D        | Reached skill level 5 in Shields
   122 | D        | Reached XP level 2. HP: 24/30 MP: 1/1
   122 | D        | Reached XP level 3. HP: 29/37 MP: 2/2
   128 | D        | Killed a scorpion
   128 | D        | Reached skill level 6 in Shields
   128 | D        | Reached XP level 4. HP: 31/45 MP: 3/3
   140 | D        | Entered arena 3.
   140 | D        | Found a transporter.
   146 | D        | Reached skill level 7 in Shields
   154 | D        | Reached skill level 5 in Long Blades
   154 | D        | Reached XP level 5. HP: 5/53 MP: 4/4
   156 | D        | Reached skill level 8 in Shields
   466 | D        | Entered arena 4.
   466 | D        | Noticed a phantom
   466 | D        | Noticed a necrophage
   466 | D        | Found a transporter.
   477 | D        | Killed a phantom
   477 | D        | Reached ** piety under Okawaru
   477 | D        | Reached skill level 1 in Dodging
   477 | D        | Reached XP level 6. HP: 44/61 MP: 5/5
   481 | D        | Reached skill level 9 in Shields
   804 | D        | Entered arena 5.
   804 | D        | Noticed a jumping spider
   804 | D        | Found a transporter.
   812 | D        | Killed a jumping spider
   812 | D        | Reached *** piety under Okawaru
   812 | D        | Reached skill level 10 in Long Blades
   812 | D        | Reached skill level 11 in Shields
   812 | D        | Reached XP level 7. HP: 25/67 MP: 6/6
  1084 | D        | Entered arena 6.
  1084 | D        | Noticed a +0 trident of venom
  1084 | D        | Noticed a deep elf mage
  1084 | D        | Noticed a +4 dire flail of holy wrath
  1084 | D        | Noticed a deep elf mage
  1084 | D        | Noticed a water elemental
  1084 | D        | Found a transporter.
  1088 | D        | Slain by a +0 trident of venom

Illustrated notes

Levels and vault maps discovered:
D:        sprint_v [room_start, room_1, room_2, room_3, room_4, room_5, room_6,
          room_7, room_8, room_9, room_10, room_11, room_12, room_13, room_14,
          room_15, room_16, room_17, room_18, room_19, room_20, room_21,
          room_22, room_23, room_24, room_25, room_26, room_27]

Skill      XL: |  1  2  3  4  5  6 |
---------------+-------------------+-----
Fighting       | 5 6 7 8 9 |  9.6
Long Blades    | 3 4 5 7 10 | 10.8
Armour         | 6 7 8 9 |  9.2
Shields        | 5 6 7 8 11 | 11.6
Dodging        | 1 3 |  3.5
Stealth        | |  0.5

Action                   |  1- 3 |  4- 6 |  7- 9 || total
-------------------------+-------+-------+-------++-------
Melee: Double sword      |     9 |    28 |    10 ||    47
       Headbutt          |     1 |     2 |     2 ||     5
Armor: Scale mail        |     1 |     2 |       ||     3
       Robe              |       |     5 |     4 ||     9
Dodge: Dodged            |     2 |     8 |     3 ||    13
Block: Tower shield      |    10 |    39 |     8 ||    57
       Rpst.: Double sword |     1 |     3 |       ||     4
